 Dungeon Crawl Stone Soup version 0.21.1-1-g345015fe64 (webtiles) character file.

234859 Kirk the Severer (level 18, -3/158 HPs)
             Began as a Demonspawn Gladiator on July 28, 2018.
             Was the Champion of Okawaru.
             Killed from afar by a deep elf sorcerer (32 damage)
             ... with damnation
             ... led by an ironheart preserver
             ... on level 2 of the Vaults.
             The game lasted 02:10:00 (33720 turns).

Kirk the Severer (Demonspawn Gladiator)            Turns: 33720, Time: 02:10:00

Health: -3/158     AC: 32    Str: 25    XL:     18   Next: 89%
Magic:  0/7        EV:  8    Int: 11    God:    Okawaru [******]
Gold:   2344       SH:  7    Dex: 19    Spells: 17/17 levels left

rFire    + + .     SeeInvis +   i - +5 broad axe of Iconoclasm {antimagic, rPois rC+ Str+4 Dex+4}
rCold    + + .     Gourm    .   R - +2 buckler {rC+}
rNeg     + . .     Faith    .   T - +3 crystal plate armour
rPois    +         Spirit   +   (helmet unavailable)
rElec    .         Reflect  .   V - +0 cloak "Oxoim" {rF+ Regen+}
rCorr    .         Harm     +   (no gloves)
MR       +....                  u - +0 pair of boots
Stlth    ..........             t - amulet of harm
HPRegen  0.76/turn              e - +6 ring of slaying
MPRegen  0.20/turn              H - ring of see invisible

@: finesse, drained
A: horns 3, thin metallic scales 2, fire resistance 1, ignite blood, negative
energy resistance 1, magic shield, magic regeneration, flame cloud immunity
}: 1/15 runes: barnacled
a: Heroism, Finesse, Renounce Religion


You were on level 2 of the Vaults.
You worshipped Okawaru.
Okawaru was exalted by your worship.
You were not hungry.

You visited 8 branches of the dungeon, and saw 32 of its levels.
You visited the Abyss 1 time.
You also visited: Sewer, Ice Cave and Volcano.

You collected 3027 gold pieces.
You spent 683 gold pieces at shops.

Inventory:

Hand Weapons
 i - the +5 broad axe of Iconoclasm (weapon) {antimagic, rPois rC+ Str+4 Dex+4}
   (You acquired it on level 1 of the Lair of Beasts)

   It reduces the magical energy of the wielder, and disrupts the spells and
   magical abilities of those hit.
   Natural abilities and divine invocations are not affected.
   It affects your strength (+4).
   It affects your dexterity (+4).
   It protects you from cold.
   It protects you from poison.
 n - a +1 demon trident of flaming
 v - a +2 vampiric battleaxe
 Z - a +9 executioner's axe of distortion
Missiles
 d - 10 throwing nets (quivered)
Armour
 u - a +0 pair of boots (worn)
 B - a +0 hat
 L - a +1 pair of gloves
 P - a scarf of cloud immunity
 R - a +2 buckler of cold resistance (worn)
 T - a +3 crystal plate armour (worn)
 V - the +0 cloak "Oxoim" (worn) {rF+ Regen+}
   (You found it on level 13 of the Dungeon)

   It protects you from fire.
   It increases your rate of regeneration.
Jewellery
 e - a +6 ring of slaying (left hand)
 j - an uncursed ring of flight
 t - an amulet of harm (around neck)
 x - an uncursed amulet of faith
 z - a +3 ring of protection
 C - an uncursed amulet of magic regeneration
 H - a ring of see invisible (right hand)
 I - an uncursed ring of resist corrosion
Wands
 a - a wand of digging (32)
 m - a wand of flame (39)
 q - a wand of iceblast (14)
 w - a wand of paralysis (21)
 y - a wand of acid (15)
 E - a wand of disintegration (3)
 X - a wand of polymorph (21)
Scrolls
 b - 8 scrolls of blinking
 c - 2 scrolls of summoning
 l - 7 scrolls of teleportation
 p - 2 scrolls of fear
 s - 3 scrolls of magic mapping
 A - 10 scrolls of remove curse
 D - 2 scrolls of enchant armour
 G - 2 scrolls of enchant weapon
 K - 5 scrolls of amnesia
 M - 9 scrolls of identify
 S - 2 scrolls of silence
Potions
 g - 4 potions of agility
 h - a potion of flight
 k - 3 potions of curing
 o - 4 potions of brilliance
 F - a potion of heal wounds
 J - 4 potions of magic
 N - 2 potions of might
 U - 3 potions of cancellation
 W - 4 potions of invisibility
Comestibles
 f - 38 rations
 r - 4 chunks of flesh


   Skills:
 + Level 18.3(18.1) Fighting
 + Level 20.2(20.0) Axes
 - Level 1.7(1.6) Throwing
 + Level 14.1(13.9) Armour
 - Level 5.3(5.2) Dodging
 - Level 4.0(3.8) Shields
 + Level 7.2(7.0) Invocations
 - Level 0.1(0.0) Evocations


You had 17 spell levels left.
You didn't know any spells.

Dungeon Overview and Level Annotations

Branches:
Dungeon (15/15)            Temple (1/1) D:6            Lair (6/6) D:10
 Shoals (4/4) Lair:3       Spider (1/4) Lair:2        Slime (1/5) Lair:5
    Orc (2/2) D:11            Elf (0/3) Orc:2        Vaults (2/5) D:13
 Depths (0/5) D:15
  Crypt: Vaults:2-3

Altars:
Ashenzari
Dithmenos
Elyvilon
Fedhas
Gozag
Hepliaklqana
Kikubaaqudgha
Makhleb
Nemelex Xobeh
Okawaru
Ru
Sif Muna
Trog
Uskayaw
Vehumet
Xom
Zin
The Shining One
Beogh
Jiyva

Shops:
D:5 *   D:7 (   D:8 =   Orc:2 [%==

Annotations:
D:3 Purgy
D:14 Kirke
D:15 exclusion: Roxanne, Roxanne
Lair:3 exclusion: hydra
Lair:4 exclusion: 4 oklob plants
Lair:5 exclusion: oklob plant
Lair:6 exclusion: oklob plant


Innate Abilities, Weirdness & Mutations

You have a pair of large horns on your head.
You are mostly covered in thin metallic scales. (AC +3)
Your flesh is heat resistant. (rF+)
Your demonic aura causes spilled blood to erupt in flames.
You resist negative energy. (rN+)
When hurt, damage is shared between your health and your magic reserves.
You regenerate magic rapidly.
You are immune to clouds of flame.


Message History

The vault warden is engulfed in blazing flames.
The vault warden hits you with a battleaxe!!
You can now deal lightning-fast blows.
The yaktaur is engulfed in blazing flames.
You kill the yaktaur!
Okawaru accepts your kill.
The yaktaur shoots a bolt.
The bolt hits you!!
* * * LOW HITPOINT WARNING * * *
The deep elf archer shoots an arrow.
You block the arrow.
You are too injured to fight recklessly!
You closely miss the vault warden.
The vault warden is almost dead.
The vault warden is engulfed in blazing flames.
The vault warden hits you with a battleaxe!
* * * LOW HITPOINT WARNING * * *
Unknown command.
The deep elf archer shoots an arrow.
The arrow hits you but does no damage.
The deep elf sorcerer casts a spell at you.
The sphere of damnation explodes!
The damnation engulfs you!
You die...

..........().))#......'..######
.............))######+#........
........x.)...)................
.e...c)).e.....................
....c.4.(e.(...c...............
#'#############ee##############
#p§cc.......##....
#§#########.##....
#@#..)[)..#.##....
#.#.#####[#.##....
#.#.#.).#.'.##.<..
########.#.#...#.#.##....
#......#.#.#([.#.#.##....
#..>...#.#.#'###.#.##....
#......#.#.(.....#.##....
#......#.#########.##....
#......+...........##....


You could see a vault warden, a deep elf sorcerer, a deep elf archer and a
yaktaur.

Vanquished Creatures
  Nikola (Shoals:2)
  Rupert (D:12)
  Frances (D:12)
  A tentacled starspawn (Abyss:3)
  A sphinx (Vaults:1)
  Ilsuiw (Shoals:4)
  A revenant (Abyss:3)
  An azure jelly (Slime:1)
  2 deep elf sorcerers
  An orc warlord (Orc:1)
  A vault warden (Vaults:1)
  Aizul (Shoals:4)
  The ghost of Snarbu88 the Bludgeoner, a journeyman GrFi of Okawaru (Shoals:1)
  6 ironheart preservers
  2 stone giants
  Nessos (D:14)
  Azrael (Orc:2)
  A dire elephant (Lair:5)
  13 merfolk impalers
  Josephine (D:14)
  A deep elf death mage (Vaults:2)
  6 merfolk javelineers
  A fire dragon (D:12)
  2 great orbs of eyes
  4 ogre magi
  2 ice dragons
  3 yaktaur captains
  10 hydras
  Erolcha (D:10)
  A vault guard (Vaults:1)
  3 catoblepae
  4 alligator snapping turtles
  2 rakshasas
  Erica (D:8)
  A death knight (Vaults:2)
  5 merfolk avatars
  A satyr (Shoals:2)
  4 merfolk aquamancers (Shoals:4)
  7 death yaks
  2 centaur warriors
  14 two-headed ogres
  A vampire mage (D:15)
  2 thrashing horrors (Abyss:3)
  3 deep elf knights (Vaults:1)
  A hell hog (Abyss:3)
  6 orc high priests
  Nergalle (Lair:3)
  A spark wasp zombie (D:15)
  A salamander mystic (Volcano)
  5 skeletal warriors (Vaults:1)
  4 deep trolls (Vaults:2)
  18 sea snakes
  3 unseen horrors
  3 wizards
  A glowing orange brain (Vaults:1)
  A storm dragon skeleton (Abyss:3)
  2 ironbrand convokers (Vaults:1)
  15 harpies
  2 deep elf archers (Vaults:1)
  An orb spider (Spider:1)
  2 necromancers
  3 wolf spider zombies (D:15)
  14 deep elf magi
  5 orc knights
  4 wolf spiders
  6 ugly things
  4 orc sorcerers
  9 elephants
  7 cyclopes
  2 worldbinders (Abyss:3)
  17 manticores
  10 fauns
  8 salamanders (Volcano)
  5 water nymphs
  8 merfolk sirens
  4 ice statues (IceCv)
  A guardian serpent (D:11)
  5 vault sentinels
  A shock serpent zombie (Abyss:3)
  The ghost of Dommiel19 the Geomancer, a novice GrEE (D:8)
  A large abomination (Abyss:3)
  4 black mambas
  Psyche (D:8)
  An orange demon (Abyss:3)
  3 gargoyles
  22 spiny frogs
  10 komodo dragons
  A rime drake (Lair:5)
  3 freezing wraiths
  3 demonic crawlers (Spider:1)
  12 ice devils (IceCv)
  10 yaktaurs
  A tormentor (Abyss:3)
  2 ancient zymes (Abyss:3)
  2 guardian mummies (D:15)
  24 merfolk
  A jumping spider (Spider:1)
  A yaktaur skeleton (D:15)
  9 meliai
  2 tengu conjurers (D:14)
  A polar bear (shapeshifter) (Vaults:1)
  A queen bee (Lair:4)
  4 tyrant leeches (Lair:6)
  10 trolls
  The ghost of letownia the Insei, an amateur DsFi (D:4)
  16 slime creatures
  4 wind drakes
  An ice dragon zombie (D:15)
  An ettin zombie (D:15)
  6 dream sheep
  13 hippogriffs
  A hornet (Vaults:2)
  A wind drake (shapeshifter) (Vaults:1)
  17 snapping turtles
  15 blink frogs
  A human simulacrum (Vaults:1)
  A blink frog (shapeshifter) (D:14)
  6 starcursed masses (Abyss:3)
  A ynoxinul (Abyss:3)
  9 redbacks
  7 tarantellas
  8 water elementals
  A spriggan (D:11)
  4 wraiths
  5 wyverns
  A shadow (D:14)
  3 basilisks
  2 hogs (D:14)
  55 yaks
  A chaos spawn (Abyss:3)
  A fire elemental (Orc:2)
  3 hungry ghosts
  A steam dragon (D:12)
  5 vampire mosquitoes (Lair:6)
  A yaktaur simulacrum (Vaults:2)
  7 wargs
  4 hell hounds
  An acid dragon (Vaults:1)
  6 porcupines
  14 water moccasins
  A porcupine (shapeshifter) (D:13)
  2 ice beasts
  27 orc warriors
  10 sky beasts
  An ettin simulacrum (Vaults:1)
  3 phantoms
  5 small abominations
  A black bear (D:12)
  3 necrophages
  7 wolves
  19 ogres
  2 boggarts (Vaults:1)
  11 centaurs
  3 big kobolds
  9 crocodiles
  A wyvern zombie (D:8)
  26 bullfrogs
  A gnoll sergeant (D:11)
  5 scorpions
  A wyvern skeleton (D:13)
  An elf simulacrum (Vaults:1)
  9 wights
  68 killer bees
  4 electric eels
  2 jellies
  9 crimson imps
  2 centaur zombies
  2 draconian simulacra (IceCv)
  2 quasits
  2 bullfrog zombies
  8 hounds
  A gnoll shaman (D:8)
  42 orc priests
  6 centaur skeletons
  19 orc wizards
  2 bullfrog skeletons
  Jessica (D:2)
  7 iguanas
  8 worker ants
  A troll simulacrum (IceCv)
  5 hell rats
  A spriggan simulacrum (IceCv)
  A centaur simulacrum (IceCv)
  A worker ant zombie (D:9)
  A howler monkey zombie (D:7)
  18 gnolls
  A howler monkey skeleton (D:7)
  3 naga simulacra (IceCv)
  2 ogre simulacra (IceCv)
  2 river rats
  10 adders
  2 shadow imps
  21 oozes
  3 adder skeletons
  2 adder zombies
  3 worms
  3 dart slugs
  17 leopard geckos
  130 orcs
  15 ball pythons
  4 bats
  19 giant cockroaches
  9 goblins
  6 hobgoblins
  8 jackals
  7 quokkas
  12 frilled lizards
  20 kobolds
  A leopard gecko zombie (D:5)
  A quokka skeleton (D:6)
  A quokka zombie (D:7)
  10 rats
  A fungus (Lair:5)
  9 plants
1337 creatures vanquished.

Vanquished Creatures (others)
  A merfolk impaler (Shoals:2)
  A demonic crawler (Spider:1)
  A queen bee (Spider:1)
  2 killer bees (Spider:1)
  2 orcs (Orc:2)
  4 bushes (Abyss:3)
  10 demonic plants (Abyss:3)
  8 fungi
  41 plants
  2 starspawn tentacles (Abyss:3)
  11 toadstools (Lair:5)
83 creatures vanquished.

Grand Total: 1420 creatures vanquished

Notes
Turn   | Place    | Note
-------+----------+-------------------------------------------
     0 | D:1      | Kirk the Demonspawn Gladiator began the quest for the Orb.
     0 | D:1      | Reached XP level 1. HP: 16/16 MP: 1/1
    62 | D:1      | Reached skill level 3 in Axes
   412 | D:1      | Gained mutation: You are partially covered in thin metallic scales. (AC +2) [demonic ancestry]
   412 | D:1      | Reached XP level 2. HP: 22/22 MP: 2/2
   907 | D:2      | Reached XP level 3. HP: 27/27 MP: 3/3
  1039 | D:2      | Noticed Jessica
  1044 | D:2      | Killed Jessica
  1044 | D:2      | Reached skill level 4 in Axes
  1251 | D:2      | Reached XP level 4. HP: 33/33 MP: 4/4
  1255 | D:2      | Reached skill level 1 in Armour
  1449 | D:3      | Reached XP level 5. HP: 29/38 MP: 5/5
  1555 | D:3      | Reached skill level 5 in Axes
  2157 | D:3      | Gained mutation: When hurt, damage is shared between your health and your magic reserves. [demonic ancestry]
  2157 | D:3      | Reached XP level 6. HP: 26/44 MP: 6/6
  2561 | D:3      | Noticed Purgy
  2628 | D:4      | Reached skill level 6 in Axes
  2837 | D:4      | Noticed letownia's ghost (amateur DsFi)
  2849 | D:4      | Killed letownia's ghost
  2849 | D:4      | Reached skill level 7 in Axes
  2849 | D:4      | Gained mutation: Your flesh is heat resistant. (rF+) [demonic ancestry]
  2849 | D:4      | Reached XP level 7. HP: 35/50 MP: 5/7
  3501 | D:4      | Found a white marble altar of Elyvilon.
  3814 | D:5      | Entered Level 5 of the Dungeon
  3874 | D:5      | Found Fiopn's Assorted Antiques.
  4091 | D:5      | Reached skill level 1 in Shields
  4148 | D:5      | Reached skill level 8 in Axes
  4156 | D:5      | Gained mutation: You have a pair of small horns on your head. [demonic ancestry]
  4156 | D:5      | Reached XP level 8. HP: 43/56 MP: 6/8
  4276 | D:5      | Found a glowing drain.
  4282 | Sewer    | Entered a sewer
  4572 | Sewer    | Reached skill level 9 in Axes
  4823 | D:5      | Bought a scroll of blinking for 112 gold pieces
  4823 | D:5      | Bought a potion of curing for 45 gold pieces
  4944 | D:6      | Found a staircase to the Ecumenical Temple.
  4991 | Temple   | Entered the Ecumenical Temple
  5031 | Temple   | Became a worshipper of Warmaster Okawaru
  5404 | D:6      | Reached skill level 10 in Axes
  5409 | D:6      | Gained mutation: You are immune to clouds of flame. [demonic ancestry]
  5409 | D:6      | Reached XP level 9. HP: 43/61 MP: 5/9
  6114 | D:7      | Reached * piety under Okawaru
  6293 | D:7      | Found Zaytzopp's Antique Weapon Boutique.
  7184 | D:8      | Noticed Erica
  7329 | D:8      | Reached skill level 11 in Axes
  7480 | D:8      | Reached skill level 5 in Armour
  7483 | D:8      | Noticed Dommiel19's ghost (novice GrEE)
  7508 | D:8      | Killed Dommiel19's ghost
  7508 | D:8      | Reached ** piety under Okawaru
  7725 | D:8      | Reached XP level 10. HP: 62/67 MP: 8/10
  7890 | D:8      | Noticed Psyche
  7975 | D:9      | Reached skill level 12 in Axes
  8055 | D:9      | Reached *** piety under Okawaru
  8119 | D:10     | Entered Level 10 of the Dungeon
  8119 | D:10     | Found a sparkling altar of Nemelex Xobeh.
  8504 | D:9      | Noticed a cyan ugly thing
  8600 | D:8      | Killed Erica
  8701 | D:8      | Killed Psyche
  8701 | D:8      | Reached skill level 13 in Axes
  8734 | D:8      | Found Usuergh's Jewellery Shop.
  8828 | D:7      | Bought a runed broad axe for 210 gold pieces
  9070 | D:10     | Reached **** piety under Okawaru
  9152 | D:10     | Noticed Erolcha
  9200 | D:10     | Gained mutation: You have a pair of horns on your head. [demonic ancestry]
  9200 | D:10     | Reached XP level 11. HP: 70/73 MP: 11/11
  9268 | D:10     | Killed Erolcha
  9274 | D:10     | Found a staircase to the Lair.
  9395 | D:10     | Got a fine leather armour
  9406 | D:10     | Identified the +1 leather armour "Cioss" {-Cast rElec MR+ Str+3} (You found it on level 10 of the Dungeon)
  9869 | Lair:1   | Entered Level 1 of the Lair of Beasts
  9957 | Lair:1   | Reached ***** piety under Okawaru
 10141 | Lair:1   | Reached skill level 14 in Axes
 10239 | Lair:1   | Noticed a seven-headed hydra
 10266 | Lair:1   | Identified a scroll of acquirement
 10267 | Lair:1   | Got a steaming broad axe
 10269 | Lair:1   | Identified the +5 broad axe of Iconoclasm {antimagic, rPois rC+ Str+4 Dex+4} (You acquired it on level 1 of the Lair of Beasts)
 10311 | Lair:2   | Received a gift from Okawaru
 10353 | Lair:2   | Found a frozen archway.
 10391 | Lair:2   | Reached skill level 1 in Invocations
 10400 | Lair:2   | Noticed a catoblepas
 10407 | IceCv    | Entered an ice cave
 10564 | IceCv    | Received a gift from Okawaru
 10949 | IceCv    | Reached skill level 5 in Fighting
 11234 | IceCv    | Gained mutation: You are mostly covered in thin metallic scales. (AC +3) [demonic ancestry]
 11234 | IceCv    | Reached XP level 12. HP: 31/86 MP: 0/12
 11484 | IceCv    | Reached skill level 15 in Axes
 11763 | IceCv    | Got an encrusted great mace
 11766 | IceCv    | Got a pitted mace
 12010 | IceCv    | Identified the +1 mace "Atotuzof" {crush, Dex+4} (You found it in an ice cave)
 12234 | Lair:2   | Killed a catoblepas
 12356 | Lair:2   | Found a hole to the Spider Nest.
 13020 | Lair:3   | Noticed Nergalle
 13029 | Lair:3   | Killed Nergalle
 13029 | Lair:3   | Received a gift from Okawaru
 13366 | Lair:3   | Noticed a six-headed hydra
 13526 | Lair:3   | Received a gift from Okawaru
 13535 | Lair:3   | Reached skill level 16 in Axes
 13540 | Lair:3   | Reached ****** piety under Okawaru
 13730 | Lair:3   | Found a staircase to the Shoals.
 13738 | Lair:3   | Received a gift from Okawaru
 14158 | Lair:4   | Noticed a four-headed hydra
 14257 | Lair:4   | Noticed a five-headed hydra
 14522 | D:11     | Found a staircase to the Orcish Mines.
 14593 | D:11     | Gained mutation: You resist negative energy. (rN+) [demonic ancestry]
 14593 | D:11     | Reached XP level 13. HP: 92/98 MP: 5/15
 14839 | D:11     | Identified the Handbook of Transmigration
 15003 | D:11     | Found a roughly hewn altar of Beogh.
 15209 | D:12     | Found a deep blue altar of Sif Muna.
 15211 | D:12     | Noticed a fire dragon
 15219 | D:12     | Killed a fire dragon
 15336 | D:12     | Got a transparent whip
 15467 | D:12     | Identified the +3 whip of Yesterday {drain, +Blink rC+} (You found it on level 12 of the Dungeon)
 15506 | D:12     | Noticed Rupert
 15516 | D:12     | Killed Rupert
 15516 | D:12     | Reached skill level 5 in Invocations
 15644 | D:12     | Noticed Frances
 16401 | Lair:4   | Received a gift from Okawaru
 16770 | Lair:4   | Reached skill level 17 in Axes
 16926 | Lair:4   | Reached skill level 5 in Dodging
 16989 | Lair:4   | Received a gift from Okawaru
 17562 | Lair:5   | Found a viscous altar of Jiyva.
 17562 | Lair:5   | Found a staircase to the Slime Pits.
 17567 | Lair:5   | Gained mutation: You have a pair of large horns on your head. [demonic ancestry]
 17567 | Lair:5   | Reached XP level 14. HP: 91/108 MP: 6/19
 17592 | Lair:5   | Found a dark tunnel.
 17597 | Volcano  | Entered a volcano
 18065 | Lair:5   | Found a runed door.
 18250 | Lair:5   | Reached skill level 10 in Fighting
 19155 | Lair:5   | Received a gift from Okawaru
 19186 | Lair:5   | Cast into level 3 of the Abyss (a distortion unwield)
 19235 | Abyss:3  | Found a shimmering altar of Xom.
 19280 | Abyss:3  | Noticed a tentacled starspawn
 19289 | Abyss:3  | Killed a tentacled starspawn
 19325 | Abyss:3  | Reached skill level 18 in Axes
 19337 | Abyss:3  | Noticed a starcursed mass
 19709 | Abyss:3  | Found a corrupted altar of Lugonu.
 19906 | Abyss:3  | Noticed a deep elf sorcerer
 19913 | Abyss:3  | Killed a deep elf sorcerer
 19913 | Abyss:3  | Received a gift from Okawaru
 20008 | Abyss:3  | Noticed a revenant
 20013 | Abyss:3  | Killed a revenant
 20023 | Lair:5   | Escaped the Abyss
 20354 | Lair:6   | Entered Level 6 of the Lair of Beasts
 20569 | Lair:6   | Reached XP level 15. HP: 76/120 MP: 5/20
 21023 | Lair:6   | Received a gift from Okawaru
 21792 | Orc:1    | Entered Level 1 of the Orcish Mines
 21922 | Orc:1    | Found a roughly hewn altar of Beogh.
 21943 | Orc:1    | Noticed an orc warlord
 21966 | Orc:1    | Killed an orc warlord
 22151 | Orc:1    | Received a gift from Okawaru
 22385 | Orc:2    | Entered Level 2 of the Orcish Mines
 22606 | Orc:2    | Reached skill level 10 in Armour
 22868 | Orc:2    | Found Vubow's Antique Armour Shoppe.
 22868 | Orc:2    | Found Behasod's Food Boutique.
 22918 | Orc:2    | Noticed Azrael
 22938 | Orc:2    | Killed Azrael
 22938 | Orc:2    | Received a gift from Okawaru
 23497 | Orc:2    | Found a staircase to the Elven Halls.
 23576 | Orc:2    | Found Owad Nai's Jewellery Shoppe.
 23576 | Orc:2    | Found Ilajikod's Jewellery Boutique.
 23596 | Orc:2    | Bought an uncursed ring of see invisible for 210 gold pieces
 23605 | Orc:2    | Bought a cursed ring of loudness for 63 gold pieces
 23605 | Orc:2    | Bought a cursed -2 ring of intelligence for 28 gold pieces
 23980 | Orc:2    | Found a roughly hewn altar of Beogh.
 24151 | D:5      | Bought a scroll labeled HANUOMOILI for 15 gold pieces
 24320 | D:12     | Killed Frances
 24939 | D:13     | Found a gate to the Vaults.
 24943 | D:13     | Reached XP level 16. HP: 134/134 MP: 7/21
 24990 | D:13     | Got a crude cloak
 25001 | D:13     | Identified the +0 cloak "Oxoim" {rF+ Regen+} (You found it on level 13 of the Dungeon)
 25245 | D:14     | Found an opulent altar of Gozag.
 25465 | D:14     | Got a transparent flail
 25607 | D:14     | Identified the +4 flail of the Boiling Point {chaos, rN+} (You found it on level 14 of the Dungeon)
 25663 | D:14     | Noticed Josephine
 25673 | D:14     | Killed Josephine
 25712 | D:14     | Noticed Nessos
 25717 | D:14     | Killed Nessos
 25814 | D:14     | Noticed Kirke
 26051 | D:15     | Entered Level 15 of the Dungeon
 26164 | D:15     | Found a staircase to the Depths.
 26546 | D:15     | Noticed Roxanne
 26678 | D:15     | Found a sacrificial altar of Ru.
 27073 | Spider:1 | Entered Level 1 of the Spider Nest
 27082 | Spider:1 | Reached skill level 15 in Fighting
 27274 | Spider:1 | Received a gift from Okawaru
 27428 | Slime:1  | Entered Level 1 of the Pits of Slime
 27689 | Shoals:1 | Entered Level 1 of the Shoals
 27695 | Shoals:1 | Noticed Snarbu88's ghost (journeyman GrFi)
 27717 | Shoals:1 | Killed Snarbu88's ghost
 28003 | Shoals:1 | Received a gift from Okawaru
 28572 | Shoals:1 | Gained mutation: Your demonic aura causes spilled blood to erupt in flames. [demonic ancestry]
 28572 | Shoals:1 | Reached XP level 17. HP: 115/141 MP: 7/22
 28937 | Shoals:2 | Noticed Nikola
 28948 | Shoals:2 | Killed Nikola
 28950 | Shoals:2 | Got a pair of smoking gloves
 29025 | Shoals:2 | Reached skill level 19 in Axes
 29038 | Shoals:2 | Identified the -5 pair of gloves of Miracles {rPois rF+ Dex+4} (You took it off Nikola on level 2 of the Shoals)
 29368 | Shoals:3 | Received a gift from Okawaru
 29369 | Shoals:3 | Found the +14 obsidian axe {chop, +Fly SInv *Curse}
 30297 | Shoals:4 | Entered Level 4 of the Shoals
 30339 | Shoals:4 | Noticed Aizul
 30349 | Shoals:4 | Killed Aizul
 30638 | Shoals:4 | Got a barnacled rune of Zot
 30954 | Shoals:4 | Noticed Ilsuiw
 30985 | Shoals:4 | Killed Ilsuiw
 30985 | Shoals:4 | Received a gift from Okawaru
 31657 | Shoals:4 | Identified the Handbook of Earthen Translocation
 31694 | Shoals:4 | Got a transparent amber ring
 31778 | Shoals:4 | Identified the ring "Gotedef" {*Drain MP+9 Dex+6} (You found it on level 4 of the Shoals)
 32026 | Vaults:1 | Entered Level 1 of the Vaults
 32037 | Vaults:1 | Gained mutation: You regenerate magic rapidly. [demonic ancestry]
 32037 | Vaults:1 | Reached XP level 18. HP: 154/154 MP: 2/23
 32581 | Vaults:1 | Received a gift from Okawaru
 33258 | Vaults:1 | Reached skill level 20 in Axes
 33720 | Vaults:2 | Killed from afar by a deep elf sorcerer

Skill      XL: |  1  2  3  4  5  6  7  8  9 10 11 12 13 14 15 16 17 18 |
---------------+-------------------------------------------------------+-----
Axes           | 3 4 5 7 8 10 11 13 14 16 17 18 19 20 | 20.2
Armour         | 1 2 3 5 6 7 8 11 12 13 14 | 14.1
Shields        | 1 2 3 4 |  4.0
Fighting       | 5 7 9 12 14 15 17 18 | 18.3
Invocations    | 1 3 7 |  7.2
Dodging        | 3 5 |  5.3
Throwing       | |  1.7
Evocations     | |  0.1

Action                   |  1- 3 |  4- 6 |  7- 9 | 10-12 | 13-15 | 16-18 || total
-------------------------+-------+-------+-------+-------+-------+-------++-------
Melee: War axe           |    44 |   113 |   370 |    93 |       |       ||   620
       Headbutt          |       |       |    64 |   126 |   277 |   333 ||   800
       Broad axe         |       |       |       |   381 |   942 |  1089 ||  2412
       Whip              |       |       |       |       |    37 |       ||    37
Throw: Throwing net      |       |       |     1 |     3 |     6 |       ||    10
Invok: Heroism           |       |       |       |     5 |    10 |     5 ||    20
       Finesse           |       |       |       |       |     2 |     4 ||     6
Evoke: Wand              |       |       |       |    12 |    25 |       ||    37
  Use: Scroll            |     3 |     4 |     9 |    17 |    13 |    14 ||    60
       Potion            |       |     5 |     3 |     5 |    13 |     2 ||    28
 Stab: Sleeping          |       |       |     4 |     5 |     1 |       ||    10
       Paralysed         |       |       |       |     4 |       |       ||     4
       Held in net/web   |       |       |       |     1 |     1 |       ||     2
       Distracted        |       |       |       |       |     1 |       ||     1
  Eat: Chunk             |     1 |     4 |    14 |    16 |    16 |    20 ||    71
       Ration            |       |       |     1 |     2 |     5 |     3 ||    11
Armor: Leather armour    |    14 |    32 |    44 |    54 |   110 |       ||   254
       Ring mail         |       |       |    51 |    46 |       |       ||    97
       Crystal plate arm |       |       |       |       |   184 |   650 ||   834
Dodge: Dodged            |    23 |    84 |   197 |   188 |   291 |   304 ||  1087
Block: Buckler           |       |     8 |    73 |    98 |   244 |   362 ||   785
